 Dungeon Crawl Stone Soup version 0.31-a0-702-gf82c85558f (webtiles) character file.

Game seed: 15557362452304813365

26 qw the Shooter (level 3, -2/21 HPs)
             Began as a Gargoyle Hunter on Sept 8, 2023.
             Killed from afar by Sigmund (8 damage)
             ... with a magic dart
             ... on level 2 of the Dungeon.
             The game lasted 00:00:20 (480 turns).

qw the Shooter (Gargoyle Hunter)                     Turns: 480, Time: 00:00:20

Health: -2/21      AC:  0    Str: 14    XL:     3   Next: 8%
Magic:  3/3        EV: 14    Int:  9    God:
Gold:   50         SH:  5    Dex: 15    Spells: 2/2 levels left

rFire   . . .        Y - melded +0 shortbow
rCold   . . .        (shield currently unavailable)
rNeg    + . .        c - melded +0 leather armour
rPois   inf          (helmet currently unavailable)
rElec   .            (cloak currently unavailable)
rCorr   .            (gloves currently unavailable)
SInv    .            (boots currently unavailable)
Will    .....        e - amulet of reflection
Stlth   ++           (ring currently unavailable)
HPRegen 0.23/turn    (ring currently unavailable)
MPRegen 0.08/turn

%: reflection
@: pig-form, very quick
A: fast, no casting, sickness immunity, AC +3, small, negative energy resistance
1, (electricity resistance), torment resistance 1, petrification resistance
a: no special abilities


You were on level 2 of the Dungeon.
You were a filthy swine.
You visited 1 branch of the dungeon, and saw 2 of its levels.

You collected 50 gold pieces.


Innate Abilities, Weirdness & Mutations

You are a filthy swine.
You move quickly.
Your equipment is almost entirely melded.
You are incapable of wielding weapons or throwing items.
You cannot cast spells.
You are immune to sickness and miasma.
((Your stone body is resilient. (AC +3)))
You are immune to poison.
You resist negative energy. (rN+)
((You are resistant to electric shocks. (rElec)))
You are resistant to unholy torment.
You are immune to petrification.


   Skills:
 - Level 2.1 Fighting
 + Level 4.9 Ranged Weapons
 - Level 1.5 Dodging
 - Level 1.1 Stealth


You had 2 spell levels left.
You didn't know any spells.
Your spell library was empty.

Inventory:

Hand Weapons
 Y - a +0 shortbow (melded)
Armour
 c - a +0 leather armour (melded)
Jewellery
 e - an amulet of reflection (around neck)
Scrolls
 g - a scroll of identify

Dungeon Overview and Level Annotations

Branches:
Dungeon (2/15)

Altars:

Annotations:
D:2 Sigmund


Message History

Your amulet of reflection melds into your body.
458 ||| FLEEEEING.
459 ||| STILL FLEEEEING.
460 ||| STILL FLEEEEING.
461 ||| STILL FLEEEEING.
Sigmund closely misses you. Sigmund completely misses you.
Sigmund gestures at you while chanting.
You are confused.
Sigmund points at you and mumbles some strange words.
The magic dart hits you.
Your transformation is almost over.
Sigmund misses you. Sigmund closely misses you. Sigmund says, "I'm your fate."
Sigmund hits you from afar with a +0 scythe.
You feel less confused. Sigmund casts a spell at you.
The puff of flame hits you. You resist.
Sigmund hits you from afar with a +0 scythe.
Sigmund closely misses you.
You condense into your normal self.
Your +0 shortbow unmelds from your body.
Your +0 leather armour unmelds from your body.
Your amulet of reflection unmelds from your body.
You feel a shielding aura gather around you.
You shoot an arrow. The arrow closely misses Sigmund.
Sigmund hits you but does no damage.
You shoot an arrow. The arrow closely misses Sigmund.
Sigmund gestures at you while chanting. The magic dart hits you.
You shoot an arrow. The arrow closely misses Sigmund.
The arrow hits the rat!
You kill the rat!
Sigmund zaps a wand.
You turn into a filthy swine.
Your +0 shortbow melds into your body.
Your +0 leather armour melds into your body.
Sigmund casts a spell at you. The magic dart hits you!
You die...
Sigmund begins carving another notch in his scythe.

# ..?.... ..... #r ##.......
...... @# #........ ......#
..#........ .......##
.#.......# #.......#
........#
#.......#####........
#.......#h.@%.#
##..%.....#####.......#...
###.......###..%.<..........
#...............#...........
#........#######..........
##.......# #..........
###......### #..........
.............# ###..........
######.....#.###............


You could see Sigmund.

Vanquished Creatures
  3 ball pythons
  An endoplasm (D:2)
  A goblin (D:1)
  4 hobgoblins
  3 jackals (D:2)
  A quokka (D:1)
  A bat (D:1)
  2 frilled lizards (D:1)
  3 kobolds (D:1)
  7 rats
26 creatures vanquished.

Notes
Turn   | Place    | Note
-------+----------+-------------------------------------------
     0 | D:1      | qw the Gargoyle Hunter began the quest for the Orb.
     0 | D:1      | Reached XP level 1. HP: 12/12 MP: 1/1
     0 | D:1      | 0 ||| qw: Version: 0.3-a-76-g4403597
     0 | D:1      | 0 ||| qw: Game counter: 938
     0 | D:1      | 0 ||| qw: Melee chars always use a shield: true
     0 | D:1      | 0 ||| qw: God list: Okawaru
     0 | D:1      | 0 ||| qw: Allow faded altars: false
     0 | D:1      | 0 ||| qw: Do Orc after clearing Dungeon:15 true
     0 | D:1      | 0 ||| qw: Do second Lair branch before Depths: true
     0 | D:1      | 0 ||| qw: Lair rune preference: random
     0 | D:1      | 0 ||| qw: Goals: Normal
     0 | D:1      | 0 ||| PLANNING D:1-11
   154 | D:1      | Reached XP level 2. HP: 17/17 MP: 2/2
   374 | D:1      | 374 ||| UPGRADING to amulet of reflection.
   379 | D:1      | 379 ||| READING scroll labelled HUFOITTEUTZ.
   380 | D:1      | 380 ||| READING 3 scrolls labelled UHIOVA NOREYMN.
   381 | D:1      | 381 ||| READING scroll labelled PEIPRUDGHOM.
   382 | D:1      | 382 ||| READING scroll labelled VADDUI HUVVO.
   385 | D:1      | 385 ||| DRINKING 2 bubbling clear potions.
   386 | D:1      | 386 ||| READING 2 scrolls of identify.
   386 | D:1      | 386 ||| IDENTIFYING fizzy black potion
   387 | D:1      | 387 ||| DROPPING scroll of butterflies.
   388 | D:1      | 388 ||| DROPPING potion of brilliance.
   389 | D:1      | 389 ||| DROPPING potion of attraction.
   441 | D:2      | Reached XP level 3. HP: 21/21 MP: 3/3
   455 | D:2      | Noticed Sigmund
   458 | D:2      | 458 ||| FLEEEEING.
   480 | D:2      | Killed from afar by Sigmund

Levels and vault maps discovered:
D:1:      co_arrival_hexagon_in_a_hexagon, layout_rooms
D:2:      layout_rooms, uniq_sigmund

Action                     || total
---------------------------++-------
   Fire: Shortbow          ||    61
    Use: Scroll            ||     5
         Potion            ||     1
 Armour: Leather armour    ||    12
         Skin              ||     5
  Dodge: Dodged            ||    12

Table legend:
 A = Non-vault XP
 B = Vault XP
 C = Vault XP percentage of total XP
 D = Non-vault monster count
 E = Vault monster count
 F = Vault count percentage of total count
                 A         B        C        D         E       F
            +---------+---------+-------+---------+---------+-------
      Total |      39 |       0 |   0.0 |      26 |       0 |   0.0
            +---------+---------+-------+---------+---------+-------
        D:1 |      25 |       0 |   0.0 |      18 |       0 |   0.0
        D:2 |      14 |       0 |   0.0 |       8 |       0 |   0.0
            +---------+---------+-------+---------+---------+-------
